 Dungeon Crawl Stone Soup version 0.17.1-3-g152610e (webtiles) character file.

2301 dearth the Covert (level 9, -6/39 HPs)
             Began as a Spriggan Enchanter on Feb 26, 2016.
             Was an Initiate of Dithmenos.
             Mangled by an ogre
             ... wielding a +0 giant club
              (26 damage)
             ... on level 7 of the Dungeon.
             The game lasted 00:41:49 (7935 turns).

dearth the Covert (Spriggan Enchanter)              Turns: 7935, Time: 00:41:49

Health: -6/39      AC:  4    Str:  1 (2)  XL:     9   Next: 17%
Magic:  17/29      EV: 18    Int: 18      God:    Dithmenos [......]
Gold:   240        SH:  0    Dex: 17 (18) Spells: 4 memorised, 13 levels left

rFire  . . .     SeeInvis +     a - +1 dagger
rCold  . . .     Clarity  +     p - +0 troll leather armour
rNeg   . . .     SustAt   .     (shield restricted)
rPois  .         Gourm    .     (helmet restricted)
rElec  .         Spirit   .     (no cloak)
rCorr  .         Warding  .     (gloves unavailable)
rMut   .         Stasis   +     (boots unavailable)
MR     +....                    e - amulet of stasis
Stlth  +++++.....               j - ring of magical power
                                (no ring)

@: marked, very quick, somewhat resistant to hostile enchantments, quite
stealthy
A: unfitting armour, see invisible, clarity, deterioration 1, herbivore 3, speed
3, slow metabolism 2, weak 1
a: Renounce Religion


You were on level 7 of the Dungeon.
You worshipped Dithmenos.
Dithmenos was noncommittal.
You were not hungry.

You visited 2 branches of the dungeon, and saw 8 of its levels.

You collected 240 gold pieces.

Inventory:

Hand Weapons
 a - a +1 dagger (weapon)
Missiles
 h - 251 stones (quivered)
 y - 11 sling bullets
Armour
 b - a +1 robe
 p - a +0 troll leather armour (worn)
Jewellery
 e - an amulet of stasis (around neck)
 j - a ring of magical power (right hand)
Wands
 k - a wand of draining (2)
 m - a wand of polymorph (9)
 n - a wand of polymorph (24)
 w - a wand of random effects (21)
 x - a wand of disintegration (18)
Scrolls
 f - 9 scrolls of identify
 g - a scroll of teleportation
 r - 2 scrolls of fog
 s - 2 scrolls of remove curse
 u - a scroll of blinking
Potions
 i - 4 potions of curing
 l - a potion of lignification
 q - a potion of berserk rage {unknown}
Books
 c - a book of Maledictions

   Spells                             Type                      Level
   a - Corona                         Hexes                        1
   b - Ensorcelled Hibernation        Hexes/Ice                    2
   c - Confuse                        Hexes                        3
   d - Tukima's Dance                 Hexes                        3
   e - Dazzling Spray                 Conjuration/Hexes            3
Comestibles
 d - 6 bread rations
 o - a royal jelly


   Skills:
 + Level 5.9 Short Blades
 + Level 8.3 Dodging
 + Level 9.6 Stealth
 + Level 7.0 Spellcasting
 + Level 7.6 Hexes


You had 13 spell levels left.
You knew the following spells:

 Your Spells              Type           Power        Failure   Level  Hunger
a - Corona                Hex            ####...      1%          1    None
b - Ensorcelled Hibernat  Hex/Ice        ###...       12%         2    None
c - Confuse               Hex            ####....     4%          3    ##.....
d - Tukima's Dance        Hex            ####....     4%          3    ##.....


Dungeon Overview and Level Annotations

Branches:
Dungeon (7/15)             Temple (1/1) D:5

Altars:
Ashenzari
Cheibriados
Dithmenos
Elyvilon
Fedhas
Gozag
Kikubaaqudgha
Qazlal
Ru
Sif Muna
Trog
Vehumet
Xom
Yredelemnul
Zin


Innate Abilities, Weirdness & Mutations

You are tiny and cannot use many weapons and most armour.
You have supernaturally acute eyesight.
You are a herbivore.
You cover ground extremely quickly.
You need consume almost no food.
You possess an exceptional clarity of mind.
Your body sometimes deteriorates upon taking damage.
You are weak. (Str -2)


Message History

Confirm with . or Enter, or press ? or * to list all spells.
Aiming: Ensorcelled Hibernation
Press: ? - help, Shift-Dir - straight line, f/p - ogre
Aim: an ogre, wielding a giant club (lightly wounded, chance to defeat MR: 50%)
The ogre is unaffected.
The ogre completely misses you. The ogre hits you with a giant club.
Casting: Ensorcelled Hibernation
Confirm with . or Enter, or press ? or * to list all spells.
Aiming: Ensorcelled Hibernation
Press: ? - help, Shift-Dir - straight line, f/p - ogre
Aim: an ogre, wielding a giant club (lightly wounded, chance to defeat MR: 50%)
The ogre is unaffected.
Casting: Ensorcelled Hibernation
Confirm with . or Enter, or press ? or * to list all spells.
Aiming: Ensorcelled Hibernation
Press: ? - help, Shift-Dir - straight line, f/p - ogre
Aim: an ogre, wielding a giant club (lightly wounded, chance to defeat MR: 50%)
The ogre is unaffected.
The ogre hits you with a giant club!!
Ouch! That really hurt!
You die...

#..........
########..........
##.....###...##..<.
##...##.#.....##....
##.....##.......#....
#.......#.......+....
##.......##......#....
#.!.......#......#....
#....@O...##.....#....
####.......###'####...
####....#....######
....#..........
#...#..........
...##.........
...=#.........
...#'########
#.........


You could see an ogre.

Vanquished Creatures
  Grinder (D:3)
  Edmund (D:5)
  3 sky beasts (D:5)
  An ice beast (D:6)
  3 ogres (D:5)
  2 phantoms (D:5)
  2 eyes of draining (D:3)
  A centaur (D:6)
  2 giant frogs
  A scorpion (D:5)
  3 crimson imps
  A hound (D:5)
  A centaur zombie (D:6)
  A giant frog zombie (D:5)
  A jelly (D:6)
  Jessica (D:2)
  Terence (D:3)
  4 orc wizards
  5 worker ants
  A hound zombie (D:6)
  10 adders
  2 gnolls
  An ooze (D:2)
  2 adder skeletons (D:5)
  4 worms (D:2)
  7 giant geckos
  9 orcs
  12 goblins
  A hobgoblin (D:3)
  7 jackals
  10 bats
  5 giant cockroaches
  2 giant newts
  2 jackal skeletons (D:4)
  6 kobolds
  A quokka (D:4)
  6 rats
123 creatures vanquished.

Vanquished Creatures (others)
  An orc wizard (D:5)
1 creature vanquished.

Grand Total: 124 creatures vanquished

Notes
Turn   | Place    | Note
--------------------------------------------------------------
     0 | D:1      | dearth the Spriggan Enchanter began the quest for the Orb.
     0 | D:1      | Reached XP level 1. HP: 9/9 MP: 5/5
   554 | D:1      | Reached XP level 2. HP: 8/13 MP: 6/6
   563 | D:1      | Learned a level 2 spell: Ensorcelled Hibernation
  1179 | D:2      | Reached XP level 3. HP: 12/16 MP: 8/8
  1495 | D:2      | Found a faded altar to an unknown god.
  1591 | D:2      | Noticed Jessica
  1597 | D:2      | Killed Jessica
  1597 | D:2      | Reached skill level 5 in Stealth
  1597 | D:2      | Reached XP level 4. HP: 15/21 MP: 9/9
  1815 | D:2      | HP: 1/21 [worm (3)]
  1825 | D:2      | Found a white marble altar of Elyvilon.
  2489 | D:3      | Noticed Terence
  2499 | D:3      | Noticed Grinder
  2505 | D:3      | Paralysed by Grinder for 3 turns
  2511 | D:3      | Paralysed by Grinder for 3 turns
  2526 | D:3      | Killed Grinder
  2526 | D:3      | Reached skill level 5 in Dodging
  2526 | D:3      | Reached skill level 6 in Stealth
  2526 | D:3      | Reached XP level 5. HP: 10/24 MP: 12/12
  2526 | D:3      | Reached XP level 6. HP: 11/28 MP: 13/13
  2809 | D:3      | Reached skill level 5 in Hexes
  2815 | D:3      | Learned a level 3 spell: Confuse
  2819 | D:3      | Learned a level 3 spell: Tukima's Dance
  2878 | D:3      | Noticed an eye of draining
  2895 | D:3      | Found a bloodstained altar of Trog.
  2895 | D:3      | Noticed an eye of draining
  2963 | D:3      | Killed an eye of draining
  2990 | D:3      | Killed an eye of draining
  3335 | D:3      | Killed Terence
  3335 | D:3      | Reached XP level 7. HP: 32/32 MP: 1/15
  3804 | D:4      | Found a shadowy altar of Dithmenos.
  3812 | D:4      | Reached skill level 7 in Stealth
  4119 | D:5      | Entered Level 5 of the Dungeon
  4122 | D:5      | Found a blossoming altar of Fedhas.
  4386 | D:5      | Found a shimmering altar of Xom.
  4661 | D:5      | Reached skill level 5 in Spellcasting
  4761 | D:5      | Reached XP level 8. HP: 31/36 MP: 17/17
  5066 | D:5      | Reached skill level 8 in Stealth
  5083 | D:5      | Found a staircase to the Ecumenical Temple.
  5244 | D:5      | Reached skill level 5 in Short Blades
  5320 | D:5      | Noticed Edmund
  5336 | D:5      | Killed Edmund
  5752 | D:5      | Found a bloodstained altar of Trog.
  5761 | D:5      | Reached skill level 9 in Stealth
  5833 | D:5      | Found a shimmering altar of Xom.
  5833 | D:5      | Found a shimmering altar of Xom.
  5834 | D:5      | Found a shimmering altar of Xom.
  5834 | D:5      | Found a shimmering altar of Xom.
  6054 | Temple   | Entered the Ecumenical Temple
  6466 | D:4      | Became a worshipper of Dithmenos the Shadowed
  6819 | D:6      | Gained mutation: Your body sometimes deteriorates upon taking damage. [potion of mutation]
  6819 | D:6      | Gained mutation: You are weak. (Str -2) [potion of mutation]
  6819 | D:6      | Gained mutation: You possess an exceptional clarity of mind. [potion of mutation]
  6942 | D:6      | Reached XP level 9. HP: 39/39 MP: 20/20
  7435 | D:6      | Found a deep blue altar of Sif Muna.
  7935 | D:7      | Mangled by an ogre

Action                   |  1- 3 |  4- 6 |  7- 9 || total
-------------------------+-------+-------+-------++-------
Melee: Dagger            |   118 |   223 |   574 ||   915
Throw: Stone             |       |    22 |       ||    22
 Cast: Ensorcelled Hiber |       |    19 |    19 ||    38
       Corona            |       |     2 |    13 ||    15
       Confuse           |       |       |    28 ||    28
  Use: Scroll            |       |     7 |     2 ||     9
       Potion            |       |       |     7 ||     7
 Stab: Sleeping          |     9 |    14 |    20 ||    43
       Confused          |       |       |     9 ||     9
       Distracted        |       |       |     2 ||     2
  Eat: Fruit             |       |     1 |     4 ||     5
       Royal jelly       |       |       |     1 ||     1
       Pizza             |       |       |     1 ||     1
